 Dungeon Crawl Stone Soup version 0.31.0-11-ge490571c62 (webtiles) character file.

Game seed: 8233820412417737146

121 SnakkuSnakku7 the Trooper (level 4, 0/55 HPs)
             Began as an Armataur Hedge Wizard on Jan 27, 2024.
             Succumbed to an adder's poison
             ... on level 2 of the Dungeon.
             The game lasted 00:02:36 (1604 turns).

SnakkuSnakku7 the Trooper (Armataur Hedge Wizard)   Turns: 1604, Time: 00:02:37

Health: 0/55       AC: 22    Str: 18    XL:     4   Next: 76%
Magic:  8/8        EV:  1    Int: 14    God:
Gold:   124        SH:  0    Dex:  9    Spells: 7/8 levels left

rFire   + . .        a - +1 flail (heavy)
rCold   + . .        (no shield)
rNeg    . . .        v - melded +0 robe {Will+}
rPois   +            c - melded +0 hat
rElec   +            (cloak currently unavailable)
rCorr   +            (gloves currently unavailable)
SInv    .            (no barding)
Will    .....        (no amulet)
Stlth   ++           (no ring)
HPRegen 0.29/turn    (no ring)
MPRegen 0.11/turn

%: roll
@: brilliant, lethally poisoned (0 -> -4), tree-form, resistant
A: stationary, stasis, torment immunity, boosted hp, large, (deformed body),
(tough skin 3), (armoured tail), roll 1
a: no special abilities


You were on level 2 of the Dungeon.
You were a tree.
You visited 1 branch of the dungeon, and saw 3 of its levels.

You collected 124 gold pieces.

Inventory:

Hand Weapons
 a - a +1 heavy flail (weapon)
 o - a +0 whip
 r - a +0 dagger
Missiles
 e - 8 poisoned darts (quivered)
Armour
 b - a +0 robe
 c - a +0 hat (melded)
 v - a +0 robe of willpower (melded)
Jewellery
 u - a ring of protection from fire
Scrolls
 g - a scroll of brand weapon {unknown}
 h - 3 scrolls of fear {unknown}
 l - a scroll of blinking {unknown}
 n - a scroll of teleportation {unknown}
 p - a scroll of amnesia {unknown}
 s - a scroll of identify {unknown}
 t - a scroll of revelation {unknown}
Potions
 d - a potion of magic
 f - a potion of heal wounds {unknown}
 i - a potion of enlightenment
 k - a potion of attraction {unknown}


   Skills:
 - Level 2.8 Fighting
 + Level 2.7 Maces & Flails
 - Level 1.3 Dodging
 - Level 2.1 Stealth
 - Level 2.6 Spellcasting
 - Level 0.8 Conjurations
 - Level 0.7 Summonings
 - Level 1.0 Translocations


You had 7 spell levels left.
You knew the following spells:

 Your Spells              Type           Power      Damage    Failure   Level
a - Magic Dart            Conj           24%        1d4       16%         1

Your spell library contained the following spells:

 Spells                   Type           Power      Damage    Failure   Level
 Slow                     Hex            8%         N/A       22%         1
 Blink                    Tloc           14%        N/A       22%         2
 Lesser Beckoning         Tloc           14%        N/A       22%         2
 Call Imp                 Summ           10%        N/A       26%         2
 Cigotuvi's Dreadful Rot  Necr/Alch/Air  4%         N/A       32%         2
 Gell's Gravitas          Tloc           7%         N/A       41%         3
 Teleport Other           Tloc           7%         N/A       41%         3
 Mephitic Cloud           Conj/Alch/Air  4%         N/A       52%         3
 Summon Forest            Summ/Tloc      3%         N/A       99%         5
 Summon Mana Viper        Hex/Summ       4%         N/A       99%         5
 Dispersal                Tloc           3%         N/A       100%        6
 Summon Cactus Giant      Summ           2%         N/A       100%        6


Dungeon Overview and Level Annotations

Branches:
Dungeon (3/15)

Altars:
Uskayaw
Xom

Annotations:
D:3 Sigmund


Innate Abilities, Weirdness & Mutations

You are a tree.
Your roots penetrate the ground, keeping you stationary.
You cannot be teleported.
You are immune to unholy pain and torment.
Your maximum health is greatly increased.
Your equipment is partially melded.
((Armour fits poorly on your strangely shaped body.))
((You have extremely tough skin. (AC +3)))
((You have a long armoured tail.))
You regenerate magic when rolling toward enemies. (Rampage MPRegen)


Message History

The adder is heavily wounded.
You feel very sick. The adder bites you.
You are more poisoned.
The adder poisons you! The adder bites you.
You are more poisoned.
The adder poisons you!
You barely miss the adder.
The adder is heavily wounded.
You feel very sick. The adder bites you. x2
You are more poisoned.
The adder poisons you! The adder barely misses you.
You closely miss the adder.
Your tail-slap misses the adder.
The adder is heavily wounded.
* * * LOW HITPOINT WARNING * * *
You feel very sick. The adder bites you but does no damage.
The adder bites you.
* * * LOW HITPOINT WARNING * * *
Unknown command.
You closely miss the adder.
The adder is heavily wounded.
You feel very sick. The adder completely misses you. The adder bites you.
* * * LOW HITPOINT WARNING * * *
You are lethally poisoned!
The adder poisons you! The adder bites you.
* * * LOW HITPOINT WARNING * * *
You turn into a tree.
Your +0 hat melds into your body.
Your +0 robe of willpower melds into your body.
You feel less strong-willed.
Your roots penetrate the ground.
* * * LOW HITPOINT WARNING * * *
You feel sick. The adder bites you but does no damage.
It was a potion of brilliance.
You feel clever all of a sudden.
* * * LOW HITPOINT WARNING * * *
You feel sick.
The adder bites you but does no damage. x2
It was a potion of resistance.
You feel protected.
You die...

###+######
#........#
#........#
#........#
#....S...#
#.....♣..#
#!.......#
#.......>#
........).#
.....######
..... ....
....


You could see an adder.

Vanquished Creatures
  An orc priest (D:3)
  An orc wizard (D:3)
  An adder (D:3)
  2 dart slugs
  2 orcs (D:3)
  3 ball pythons (D:1)
  A bat (D:1)
  7 endoplasms
  3 giant cockroaches (D:1)
  5 goblins
  5 hobgoblins
  6 jackals (D:1)
  3 kobolds
  2 quokkas
  2 rats (D:1)
44 creatures vanquished.

Notes
Turn   | Place    | Note
-------+----------+-------------------------------------------
     0 | D:1      | SnakkuSnakku7 the Armataur Hedge Wizard began the quest for
                  | the Orb.
     0 | D:1      | Reached XP level 1. HP: 14/14 MP: 4/4
    37 | D:1      | Reached skill level 1 in Fighting
    90 | D:1      | Reached XP level 2. HP: 18/23 MP: 5/5
   321 | D:1      | Reached XP level 3. HP: 30/30 MP: 7/7
   821 | D:2      | Found a shimmering altar of Xom.
   951 | D:3      | Noticed a +0 hand axe
   955 | D:3      | Noticed a +0 dagger
   957 | D:3      | Noticed Sigmund
  1002 | D:3      | Reached skill level 1 in Maces & Flails
  1111 | D:3      | Reached XP level 4. HP: 37/37 MP: 8/8
  1413 | D:3      | Found a hide-covered altar of Uskayaw.
  1603 | D:2      | HP: 1/55 [poisoned by an adder]
  1604 | D:2      | Succumbed to an adder's poison

Illustrated notes

Levels and vault maps discovered:
D:1:      grunt_arrival_crossed_arrows, layout_rooms
D:2:      layout_basic, basic_altar
D:3:      layout_rooms, dancing_weapons_uskayaw, uniq_sigmund

Skill      XL: |  1  2  3 |
---------------+----------+-----
Fighting       | 1 2 |  2.8
Maces & Flails | 2 |  2.7
Dodging        | |  1.3
Stealth        | |  2.1
Spellcasting   | |  2.6
Conjurations   | |  0.8
Summonings     | |  0.7
Translocations | |  1.0

Action                     |  1- 3 |  4- 6 || total
---------------------------+-------+-------++-------
  Melee: Dagger            |   173 |       ||   173
         Tailslap          |    23 |     1 ||    24
         Flail             |    16 |    10 ||    26
         Whip              |     7 |       ||     7
         Punch             |       |     1 ||     1
    Use: Potion            |       |     5 ||     5
   Stab: Sleeping          |     5 |       ||     5
 Armour: Robe              |   124 |    16 ||   140
         Skin              |       |    15 ||    15
  Dodge: Dodged            |   111 |     6 ||   117
